 Dungeon Crawl Stone Soup version 0.23.2-33-g5129a83184 (webtiles) character file.

Game seed: 121097599610325

770 Revguard the Cudgeler (level 7, -2/66 HPs)
             Began as a Troll Gladiator on July 8, 2019.
             Was a Follower of Okawaru.
             Killed from afar by a smoke demon (22 damage)
             ... with a ball of steam
             ... summoned by a kobold demonologist
             ... on level 5 of the Dungeon.
             The game lasted 00:08:28 (3996 turns).

Revguard the Cudgeler (Troll Gladiator)             Turns: 3996, Time: 00:08:29

Health: -2/66      AC:  6    Str: 23    XL:     7   Next: 52%
Magic:  6/6        EV: 11    Int:  4    God:    Okawaru [*.....]
Gold:   221        SH:  0    Dex: 13    Spells: 6/6 levels left

rFire    . . .     SeeInvis .   a - +1 flail
rCold    + . .     Gourm    +   (no shield)
rNeg     . . .     Faith    .   b - +0 robe
rPois    .         Spirit   .   c - +0 hat
rElec    .         Reflect  .   (no cloak)
rCorr    .         Harm     .   (gloves unavailable)
MR       .....                  (boots unavailable)
Stlth    +.........             (no amulet)
HPRegen  0.61/turn              q - ring of protection from cold
MPRegen  0.10/turn              (no ring)

@: no status effects
A: large, unfitting armour, claws 3, fast metabolism 3, gourmand, regeneration
1, shaggy fur 1, tough skin 3
a: Heroism, Renounce Religion


You were on level 5 of the Dungeon.
You worshipped Okawaru.
Okawaru was aware of your devotion.
You were not hungry.

You visited 2 branches of the dungeon, and saw 6 of its levels.

You collected 221 gold pieces.

Inventory:

Hand Weapons
 a - a +1 flail (weapon)
 i - a +0 giant club
Missiles
 d - 5 throwing nets (quivered)
Armour
 b - a +0 robe (worn)
 c - a +0 hat (worn)
Jewellery
 q - a ring of protection from cold (left claw)
Wands
 s - a wand of paralysis (8)
 t - a wand of enslavement (4)
Scrolls
 e - 5 scrolls of amnesia
 g - 6 scrolls of identify
 h - 2 scrolls of immolation {unknown}
 j - a scroll of fear {unknown}
 k - a scroll of teleportation {unknown}
 l - a scroll of remove curse {unknown}
 o - a scroll of fog {unknown}
Potions
 m - 3 potions of mutation {unknown}
 n - a potion of curing
 p - 2 potions of haste {unknown}
 r - a potion of degeneration {unknown}
Comestibles
 f - 11 rations


   Skills:
 + Level 2.9 Fighting
 * Level 7.1 Maces & Flails
 + Level 1.9 Throwing
 + Level 3.5 Dodging


You had 6 spell levels left.
You didn't know any spells.
Your spell library was empty.

Dungeon Overview and Level Annotations

Branches:
Dungeon (5/15)             Temple (1/1) D:5

Altars:
Ashenzari
Cheibriados
Dithmenos
Elyvilon
Fedhas
Gozag
Hepliaklqana
Nemelex Xobeh
Okawaru
Qazlal
Ru
Sif Muna
Trog
Uskayaw
Vehumet
Wu Jian
Xom
The Shining One

Annotations:
D:5 1 transporter


Innate Abilities, Weirdness & Mutations

You are too large for most types of armour.
You have claws for hands.
Your metabolism is lightning-fast.
You like to eat raw meat.
Your natural rate of healing is unusually fast.
You are covered in fur. (AC +1)
You have extremely tough skin. (AC +3)


Message History

Your orc priest hits the shadow imp but does no damage.
The shadow imp hits your orc priest. The smoke demon hits you.
The smoke demon hits you but does no damage. x2
Your orc priest hits the shadow imp with a +0 flail.
The shadow imp hits your orc priest.
Your orc priest dies!
The kobold demonologist looks satisfied for a moment.
The smoke demon hits you. The smoke demon barely misses you.
The smoke demon closely misses you. The white imp gestures at you.
The puff of frost hits you. You resist.
The hellwing swoops through the air toward you!
The hellwing hits you! The hellwing barely misses you. The hellwing hits you!
* * * LOW HITPOINT WARNING * * *
The hellwing hits you but does no damage.
The smoke demon gestures at you. The ball of steam hits you!!
You die...

##..##..##.........##...#
#####'###..##...........
#...##'###.....##...#
#########....#..#########...#
#.....................)..>...
#.###############............
#.#8P#.)....5#≈8#.#######....
##.#P.#≈≈≈≈≈4≈#.P#......##...#
####..#..#..≈≈3§@#.$#......##'###
.....©#©.'..≈55..+$©#©..........#
......#..#..≈P≈..#.$#............
......#P.#≈≈≈≈≈≈≈#.P#............
...##.#8P#....5K.#≈8#......##....
...##.###############......##...#
..........[..(.............##...#
............#..#.................
.##.###...###..###..##...........


You could see a hellwing, a kobold demonologist, a smoke demon, a white imp, 2
shadow imps and an ufetubus.

Vanquished Creatures
  A phantom (D:5)
  An ice beast (D:4)
  2 ogres (D:5)
  A bullfrog (D:2)
  A scorpion (D:5)
  A crimson imp (D:5)
  An orc wizard (D:3)
  2 iguanas (D:5)
  A worker ant (D:5)
  A howler monkey zombie (D:5)
  7 adders
  A shadow imp (D:5)
  An ooze (D:2)
  A worm (D:2)
  3 dart slugs
  10 orcs
  5 giant cockroaches
  3 goblins (D:3)
  8 hobgoblins
  2 jackals (D:2)
  10 kobolds
  3 quokkas
  4 bats
  A frilled lizard (D:3)
  2 rats
73 creatures vanquished.

Vanquished Creatures (collateral kills)
  A shadow imp (D:5)
1 creature vanquished.

Vanquished Creatures (others)
  An orc priest (D:5)
1 creature vanquished.

Grand Total: 75 creatures vanquished

Notes
Turn   | Place    | Note
-------+----------+-------------------------------------------
     0 | D:1      | Revguard the Troll Gladiator began the quest for the Orb.
     0 | D:1      | Reached XP level 1. HP: 19/19 MP: 0/0
   125 | D:1      | Reached skill level 3 in Maces & Flails
   125 | D:1      | Reached XP level 2. HP: 28/28 MP: 1/1
   747 | D:2      | Reached XP level 3. HP: 4/35 MP: 2/2
   861 | D:2      | Noticed a bullfrog
   888 | D:2      | Killed a bullfrog
   888 | D:2      | Reached skill level 4 in Maces & Flails
   888 | D:2      | Reached XP level 4. HP: 17/42 MP: 3/3
  1176 | D:3      | Reached XP level 5. HP: 47/49 MP: 4/4
  1752 | D:3      | Reached skill level 5 in Maces & Flails
  2481 | D:4      | Noticed an ice beast
  2491 | D:4      | Killed an ice beast
  2491 | D:4      | Reached XP level 6. HP: 13/59 MP: 5/5
  3061 | D:5      | Entered Level 5 of the Dungeon
  3079 | D:5      | Found a transporter.
  3108 | D:5      | Found a staircase to the Ecumenical Temple.
  3124 | Temple   | Entered the Ecumenical Temple
  3158 | Temple   | Became a worshipper of Warmaster Okawaru
  3336 | D:5      | Reached skill level 6 in Maces & Flails
  3509 | D:5      | Reached XP level 7. HP: 57/66 MP: 6/6
  3558 | D:5      | Noticed a kobold demonologist
  3570 | D:5      | Found a transporter.
  3718 | D:5      | Reached * piety under Okawaru
  3718 | D:5      | Reached skill level 7 in Maces & Flails
  3992 | D:5      | Noticed a smoke demon
  3993 | D:5      | Noticed a hellwing
  3996 | D:5      | Killed from afar by a smoke demon

Skill      XL: |  1  2  3  4  5  6  7 |
---------------+----------------------+-----
Maces & Flails | 3 4 5 6 7 |  7.1
Fighting       | 2 |  2.9
Dodging        | 3 |  3.5
Throwing       | |  1.9

Action                   |  1- 3 |  4- 6 |  7- 9 || total
-------------------------+-------+-------+-------++-------
Melee: Flail             |   117 |   178 |    43 ||   338
Evoke: Wand              |       |       |     4 ||     4
  Use: Potion            |     2 |     3 |       ||     5
       Scroll            |       |     5 |       ||     5
 Stab: Sleeping          |     1 |     1 |       ||     2
  Eat: Chunk             |    14 |    19 |     3 ||    36
Armor: Robe              |    57 |    83 |    13 ||   153
Dodge: Dodged            |    88 |    96 |    31 ||   215
